 Dungeon Crawl Stone Soup version 0.28.0 (webtiles) character file.

Game seed: 2497289831123679743

1 oldriver the Skirmisher (level 1, 0/14 HPs)
             Began as a Gargoyle Fighter on Feb 5, 2022.
             Slain by a jackal (2 damage)
             ... on level 1 of the Dungeon.
             The game lasted 00:00:15 (41 turns).

oldriver the Skirmisher (Gargoyle Fighter)            Turns: 41, Time: 00:00:15

Health: 0/14       AC:  9    Str: 19    XL:     1   Next: 20%
Magic:  1/1        EV:  9    Int:  8    God:
Gold:   0          SH:  4    Dex:  9    Spells: 0/0 levels left

rFire   . . .      SeeInvis .   a - +0 flail
rCold   . . .      Faith    .   c - +0 buckler
rNeg    + . .      Spirit   .   b - +0 scale mail
rPois   ∞          Reflect  .   (no helmet)
rElec   +          Harm     .   (no cloak)
rCorr   .          Rampage  .   (no gloves)
Will    .....                   (no boots)
Stlth   ..........              (no amulet)
HPRegen 0.04/turn               (no ring)
MPRegen 0.07/turn               (no ring)

@: mighty
A: sickness immunity, AC +2, negative energy resistance 1, electricity
resistance, torment resistance 1, petrification resistance
a: no special abilities


You were on level 1 of the Dungeon.
You visited 1 branch of the dungeon, and saw 1 of its levels.

Inventory:

Hand Weapons
 a - a +0 flail (weapon)
Armour
 b - a +0 scale mail (worn)
 c - a +0 buckler (worn)
Potions
 e - a potion of brilliance {unknown}


   Skills:
 + Level 3.3 Fighting
 + Level 2.0 Maces & Flails
 - Level 3.2 Armour
 - Level 3.2 Shields


You couldn't memorise any spells.
You didn't know any spells.
Your spell library was empty.

Dungeon Overview and Level Annotations

Branches:
Dungeon (1/15)

Altars:


Innate Abilities, Weirdness & Mutations

You are immune to sickness and miasma.
Your stone body is resilient. (AC +2)
You are immune to poison.
You resist negative energy. (rN+)
You are resistant to electric shocks. (rElec)
You are resistant to unholy torment.
You are immune to petrification.


Message History

You are too injured to fight recklessly!
You are too injured to fight recklessly!
You are too injured to fight recklessly!
You are too injured to fight recklessly!
You are too injured to fight recklessly!
You are too injured to fight recklessly!
You are too injured to fight recklessly!
You are too injured to fight recklessly!
You are too injured to fight recklessly!
You are too injured to fight recklessly!
You are too injured to fight recklessly!
The jackal bites you but does no damage.
The jackal bites you. The jackal barely misses you.
The jackal bites you but does no damage.
The jackal bites you.
* * * LOW HITPOINT WARNING * * *
The jackal bites you but does no damage.
Sorry, you're not good enough to have a special ability.
You feel very mighty all of a sudden.
The jackal bites you but does no damage.
You are too injured to fight recklessly!
You are too injured to fight recklessly!
You are too injured to fight recklessly!
You barely miss the jackal. The jackal barely misses you.
The jackal bites you but does no damage. x4
You block the jackal's attack.
You are too injured to fight recklessly!
You are too injured to fight recklessly!
You barely miss the jackal. The jackal barely misses you. The jackal bites you.
* * * LOW HITPOINT WARNING * * *
The jackal bites you.
* * * LOW HITPOINT WARNING * * *
The jackal bites you but does no damage.
The jackal closely misses you. x2
The endoplasm jiggles.
You barely miss the jackal. The jackal completely misses you.
The jackal bites you but does no damage. x2
You block the jackal's attack. The jackal bites you.
You die...

........#..#
..........#
##'###+###+##
#†..#...#...#
#...#≈.≈#..≈#
#...#≈.≈#.≈§#
#..J#≈.≈#≈§≈#
#.hh#≈.≈#≈≈.#
#.h@#≈.≈#≈..#
#...#...#...#
#.(.........#
#...........#
#...........#
#...........#
#.....<.....#
#...........#
#############


You could see an endoplasm and 3 jackals.

Vanquished Creatures
  A jackal (D:1)
1 creature vanquished.

Notes
Turn   | Place    | Note
-------+----------+-------------------------------------------
     0 | D:1      | oldriver the Gargoyle Fighter began the quest for the Orb.
     0 | D:1      | Reached XP level 1. HP: 14/14 MP: 1/1
    41 | D:1      | Slain by a jackal

Illustrated notes

Levels and vault maps discovered:
D:1:      lightli_arrival_quake, layout_rooms, serial_shops,
          nicolae_shop_bloodbath_and_beyond, chequers_serial_rivers_small_a,
          hangedman_decor_points, dk_noncrumbling_3, minivault_14,
          minmay_distorted

Action                   || total
-------------------------++-------
Melee: Flail             ||     9
  Use: Potion            ||     1
Armor: Scale mail        ||    20
Dodge: Dodged            ||    12
Block: Buckler           ||     2
